 Dungeon Crawl Stone Soup version 0.31.0-9-g3a7656b989 (webtiles) character file.

Game seed: 9916478322367799595

1236 qw the Skirmisher (level 8, -4/40 HPs)
             Began as a Spriggan Hunter on Feb 2, 2024.
             Killed from afar by a white imp (7 damage)
             ... with a puff of frost
             ... on level 5 of the Dungeon.
             The game lasted 00:00:15 (3536 turns).

qw the Skirmisher (Spriggan Hunter)                 Turns: 3536, Time: 00:00:15

Health: -4/40      AC:  2    Str:  7    XL:     8   Next: 24%
Magic:  9/9        EV: 24    Int: 10    God:
Gold:   335        SH:  0    Dex: 21    Spells: 7/7 levels left

rFire   . . .        a - +1 shortbow (heavy)
rCold   . . .        (shield currently unavailable)
rNeg    . . .        c - +0 robe
rPois   .            (helmet restricted)
rElec   .            (no cloak)
rCorr   .            (gloves unavailable)
SInv    +            (boots unavailable)
Will    +....        (no amulet)
Stlth   ++           h - +4 ring of slaying {mikee}
HPRegen 0.26/turn    (no ring)
MPRegen 0.11/turn

%: no passive effects
@: about to teleport, very quick
A: very small, no large weapons, unfitting armour, see invisible, speed 3
a: no special abilities


You were on level 5 of the Dungeon.
You visited 1 branch of the dungeon, and saw 5 of its levels.

You collected 335 gold pieces.


Innate Abilities, Weirdness & Mutations

You are very small and have problems with some larger weapons.
You are too small for most types of armour.
You have supernaturally acute eyesight. (SInv)
You cover ground extremely quickly. (Speed+++)


   Skills:
 - Level 3.0 Fighting
 + Level 8.3 Ranged Weapons
 - Level 8.2 Dodging
 - Level 1.5 Stealth


You had 7 spell levels left.
You didn't know any spells.
Your spell library was empty.

Inventory:

Hand Weapons
 a - a +1 heavy shortbow (weapon)
Armour
 c - a +0 robe (worn)
Jewellery
 b - the ring of Leiwnox {rElec rF- rCorr Int+5}
   (You found it on level 3 of the Dungeon)

   [ring of resist corrosion]

   Int+5:     It affects your intelligence (+5).
   rF-:       It makes you vulnerable to fire.
   rElec:     It insulates you from electricity.
   rCorr:     It protects you from acid and corrosion.
 h - a +4 ring of slaying (left hand) {mikee}
 i - a +5 ring of evasion
Wands
 f - a wand of flame (19)
Potions
 e - a potion of resistance {unknown}
 g - a potion of curing {unknown}

Dungeon Overview and Level Annotations

Branches:
Dungeon (5/15)
 Temple: D:4-7

Altars:
Kikubaaqudgha

Annotations:
D:5 1 transporter


Message History

The puff of frost misses you.
You shoot an arrow. The arrow hits the orc priest.
The orc priest is severely wounded.
The orc closely misses you.
The orc priest calls down the wrath of Beogh upon you.
Beogh smites you! The orc priest closely misses you.
The white imp closely misses you.
You shoot an arrow. The arrow hits the orc priest.
The orc priest is severely wounded.
The orc hits you from afar with a +0 trident.
The orc priest completely misses you.
The orc priest calls down the wrath of Beogh upon you.
You resist with some effort. The white imp gestures at you.
The puff of frost misses you.
The orc priest calls down the wrath of Beogh upon you.
You resist with some effort. The orc priest completely misses you.
The orc completely misses you. The white imp completely misses you.
You shoot an arrow. The arrow hits the orc priest!!
You kill the orc priest!
The orc completely misses you. The orc priest closely misses you.
The white imp gestures at you. The puff of frost hits you!
Your Fighting skill increases to level 3!
You shoot an arrow. The arrow hits the orc priest!
The orc priest is heavily wounded.
An ice beast comes into view.
The orc completely misses you. The orc priest completely misses you.
The white imp gestures at you. The puff of frost hits you! The orc misses you.
The orc priest hits you with a +0 falchion!
The white imp completely misses you.
3536 ||| READING scroll of teleportation.
As you read the scroll of teleportation, it crumbles to dust.
You feel strangely unstable. The orc priest misses you.
The ice beast closely misses you.
The white imp shouts, "Back with thee, thou cockered roguish tiddler!"
The white imp gestures at you. The puff of frost hits you!
You die...

####.##
#....#
###.####
#...#
#...###.###.
##...........
#....###.###.
#....#..Y#
#......#.@.#
#.##..###5o#
#.#..# .#o.#
.... .. ...#
.#... ...
#..# .## .###
#.. ). ... ##
..##


You could see an ice beast, an orc priest, a white imp and an orc.

Vanquished Creatures
  A water moccasin (D:4)
  2 ice beasts
  An ogre (D:4)
  2 phantoms (D:4)
  2 scorpions
  2 hounds
  3 bombardier beetles
  3 orc priests
  A sleepcap (D:4)
  2 iguanas (D:4)
  An orc wizard (D:3)
  11 gnolls
  6 adders
  3 ribbon worms
  10 orcs
  8 endoplasms
  4 giant cockroaches
  6 goblins
  10 hobgoblins
  11 jackals
  6 ball pythons
  10 bats
  4 frilled lizards
  9 kobolds
  A rat (D:2)
119 creatures vanquished.

Notes
Turn   | Place    | Note
-------+----------+-------------------------------------------
     0 | D:1      | qw the Spriggan Hunter began the quest for the Orb.
     0 | D:1      | Reached XP level 1. HP: 10/10 MP: 2/2
     0 | D:1      | 0 ||| qw: Version: 0.3-a-155-g5e7d8dd
     0 | D:1      | 0 ||| qw: Game counter: 2404
     0 | D:1      | 0 ||| qw: Melee chars always use a shield: true
     0 | D:1      | 0 ||| qw: God list: Okawaru
     0 | D:1      | 0 ||| qw: Allow faded altars: false
     0 | D:1      | 0 ||| qw: Do Orc after clearing Dungeon:15 true
     0 | D:1      | 0 ||| qw: Do second Lair branch before Depths: true
     0 | D:1      | 0 ||| qw: Lair rune preference: random
     0 | D:1      | 0 ||| qw: Goals: Normal
     0 | D:1      | 0 ||| PLANNING D:1-11
    22 | D:1      | Reached skill level 3 in Dodging
   147 | D:1      | Reached XP level 2. HP: 14/14 MP: 3/3
   328 | D:1      | Found a faded altar of an unknown god.
   653 | D:1      | 653 ||| UPGRADING to +4 ring of slaying {mikee}.
   654 | D:1      | 654 ||| READING scroll labelled ZONAPR CI EPN.
   659 | D:1      | 659 ||| READING 3 scrolls labelled EROCHO UTTOQOO.
   659 | D:1      | 659 ||| IDENTIFYING coppery potion
   660 | D:1      | 660 ||| READING 2 scrolls of identify.
   660 | D:1      | 660 ||| IDENTIFYING sedimented inky potion
   661 | D:1      | 661 ||| READING scroll of identify.
   661 | D:1      | 661 ||| IDENTIFYING murky white potion
   662 | D:1      | 662 ||| DROPPING scroll of butterflies.
   663 | D:1      | 663 ||| DROPPING potion of magic.
   664 | D:1      | 664 ||| DROPPING potion of attraction.
   665 | D:1      | 665 ||| DROPPING potion of brilliance.
   715 | D:2      | Found an ancient bone altar of Kikubaaqudgha.
   715 | D:2      | You fall into a shaft and drop 2 floors!
   720 | D:4      | Noticed a bombardier beetle
   725 | D:4      | Killed a bombardier beetle
   726 | D:4      | Reached XP level 3. HP: 18/18 MP: 4/4
   726 | D:4      | Noticed a phantom
   731 | D:4      | Killed a phantom
   732 | D:4      | Reached XP level 4. HP: 22/22 MP: 5/5
   732 | D:4      | Noticed a phantom
   737 | D:4      | Killed a phantom
   738 | D:4      | Reached XP level 5. HP: 25/25 MP: 6/6
   892 | D:4      | Reached skill level 6 in Ranged Weapons
  1043 | D:3      | Reached XP level 6. HP: 24/30 MP: 7/7
  1132 | D:3      | 1132 ||| READING scroll of identify.
  1132 | D:3      | 1132 ||| IDENTIFYING smoky white potion
  1133 | D:3      | 1133 ||| DROPPING potion of degeneration.
  1144 | D:3      | Reached skill level 6 in Dodging
  1725 | D:2      | 1725 ||| READING scroll labelled EVVOOR KUAXAS.
  1725 | D:2      | 1725 ||| ENCHANTING +0 shortbow.
  1726 | D:2      | 1726 ||| READING scroll labelled ICSAHI TANT.
  1940 | D:3      | Identified the ring of Leiwnox {rElec rF- rCorr Int+5}
  2423 | D:3      | 2423 ||| READING scroll labelled DUDOIN SIUN WOU.
  2424 | D:3      | 2424 ||| READING scroll labelled ONARCH OHIOST.
  2424 | D:3      | 2424 ||| BRANDING +1 shortbow.
  2479 | D:4      | 2479 ||| READING scroll of brand weapon.
  2479 | D:4      | 2479 ||| BRANDING +1 shortbow of freezing.
  2548 | D:4      | Reached XP level 7. HP: 17/35 MP: 8/8
  3063 | D:4      | HP: 8/35 [poisoned by a water moccasin]
  3064 | D:4      | 3064 ||| READING 2 scrolls of teleportation.
  3383 | D:5      | Entered Level 5 of the Dungeon
  3386 | D:5      | 3386 ||| STAIRDANCE
  3408 | D:5      | Reached XP level 8. HP: 34/39 MP: 9/9
  3408 | D:5      | 3408 ||| STAIRDANCE
  3488 | D:5      | Found a transporter.
  3535 | D:5      | Reached skill level 3 in Fighting
  3535 | D:5      | HP: 10/40 [white imp/puff of frost (7)]
  3535 | D:5      | HP: 3/40 [orc priest/+0 falchion (7)]
  3536 | D:5      | 3536 ||| READING scroll of teleportation.
  3536 | D:5      | Killed from afar by a white imp

Levels and vault maps discovered:
D:1:      spicycebolla_arrival_xxxplode, layout_loops_cross,
          hellmonk_ecumenical_altar_lost_god
D:2:      layout_basic, basic_altar, wander_ebering_terrifying_dragon_lair
D:3:      layout_basic
D:4:      minmay_chambers_of_threes, layout_loops_ring, grunt_ministairs_1
D:5:      gammafunk_wand_slinger, layout_basic, serial_aquarium,
          aquarium_bridge_straight [aquarium_subvault_bridge,
          aquarium_subvault_wall, aquarium_subvault_bridge,
          aquarium_subvault_wall], aquarium_bridge_island_large
          [aquarium_subvault_large_water, aquarium_subvault_window,
          aquarium_subvault_bridge, aquarium_subvault_bridge,
          aquarium_subvault_bridge], aquarium_window_2, aquarium_window_fake,
          aquarium_window_3, aquarium_window_2, aquarium_view_2a, serial_shops,
          shop, nicolae_shop_stone, nicolae_shop_scrapyard, nicolae_titane,
          uniq_grinder

Skill      XL: |  1  2  3  4  5  6  7  8 |
---------------+-------------------------+-----
Dodging        | 3 4 5 6 7 8 |  8.2
Ranged Weapons | 5 6 7 8 |  8.3
Fighting       | 2 3 |  3.0
Stealth        | |  1.5

Action                     |  1- 3 |  4- 6 |  7- 9 || total
---------------------------+-------+-------+-------++-------
   Fire: Shortbow          |    57 |   161 |    83 ||   301
    Use: Scroll            |     4 |     6 |     2 ||    12
 Armour: Robe              |     3 |    42 |    23 ||    68
  Dodge: Dodged            |    17 |   137 |    90 ||   244

Table legend:
 A = Non-vault XP
 B = Vault XP
 C = Vault XP percentage of total XP
 D = Non-vault monster count
 E = Vault monster count
 F = Vault count percentage of total count
                 A         B        C        D         E       F
            +---------+---------+-------+---------+---------+-------
      Total |    1437 |     330 |  18.7 |     102 |      17 |  14.3
            +---------+---------+-------+---------+---------+-------
        D:1 |      30 |       0 |   0.0 |      18 |       0 |   0.0
        D:2 |      70 |       1 |   1.4 |      25 |       1 |   3.8
        D:3 |     202 |       0 |   0.0 |      21 |       0 |   0.0
        D:4 |     806 |     329 |  29.0 |      30 |      16 |  34.8
        D:5 |     329 |       0 |   0.0 |       8 |       0 |   0.0
            +---------+---------+-------+---------+---------+-------
